 Dungeon Crawl Stone Soup version 0.30-a0-859-gf88a04b (webtiles) character file.

Game seed: 3069225220672772057

4306 Think the Nimble (level 10, -4/68 HPs)
             Began as an Octopode Fighter on Mar 6, 2023.
             Was an Initiate of Gozag.
             Slain by a komodo dragon (30 damage)
             ... on level 8 of the Dungeon.
             The game lasted 00:16:56 (7671 turns).

Think the Nimble (Octopode Fighter)                 Turns: 7671, Time: 00:16:57

Health: -4/68      AC:  5    Str: 16    XL:     10   Next: 32%
Magic:  10/10      EV: 17    Int: 11    God:    Gozag
Gold:   793        SH: 15    Dex: 15    Spells: 9/9 levels left

rFire   . . .      SeeInvis .    I - +2 short sword (venom)
rCold   . . .      Faith    .    E - +0 kite shield
rNeg    + . .      Spirit   .    (helmet restricted)
rPois   +          Reflect  +    q - amulet of reflection
rElec   .          Rampage  .    f - ring of poison resistance
rCorr   .                        k - ring of positive energy
Will    +....                    u - +4 ring of protection
Stlth   ++                       J - ring of willpower
HPRegen 0.31/turn                (no ring)
MPRegen 0.12/turn                (no ring)
                                 (no ring)
                                 (no ring)

@: no status effects
A: almost no armour, amphibious, 8 rings, camouflage 1, gelatinous body 1,
(nimble swimmer 1), tentacles, mutation resistance 1
a: Renounce Religion, Potion Petition, Call Merchant, Bribe Branch


You were on level 8 of the Dungeon.
You worshipped Gozag.
Gozag was pleased with you.
You visited 1 branch of the dungeon, and saw 8 of its levels.

You collected 1368 gold pieces.
You paid 575 gold pieces to Gozag.

Inventory:

Hand Weapons
 a - a +0 long sword
 x - a +1 dagger of venom
 I - a +2 short sword of venom (weapon)
Missiles
 i - 9 boomerangs (quivered)
Armour
 b - a +0 buckler
 E - a +0 kite shield (worn)
Jewellery
 d - a ring of see invisible
 f - a ring of poison resistance (left tentacle)
 k - a ring of positive energy (right tentacle)
 q - an amulet of reflection (around mantle)
 u - a +4 ring of protection (on tentacle)
 J - a ring of willpower (on tentacle)
 L - a ring of flight
Wands
 m - a wand of flame (33)
 t - a wand of paralysis (21)
 D - a wand of roots (3)
Scrolls
 c - 2 scrolls of identify
 h - a scroll of fog
 l - 2 scrolls of teleportation
 n - a scroll of enchant weapon {unknown}
 r - 3 scrolls of blinking
 s - a scroll of noise
 v - a scroll of acquirement {unknown}
 w - 4 scrolls of vulnerability {unknown}
 y - a scroll of immolation
 B - a scroll of amnesia
 C - a scroll of enchant armour {unknown}
 H - a scroll of magic mapping {unknown}
Potions
 e - 5 potions of haste {unknown}
 g - a potion of magic {unknown}
 j - 2 potions of mutation
 o - 4 potions of heal wounds {unknown}
 p - a potion of invisibility {unknown}
 z - 2 potions of flight {unknown}
 A - 3 potions of attraction {unknown}
 F - 2 potions of brilliance {unknown}
 G - a potion of lignification {unknown}
 K - 3 potions of curing


   Skills:
 + Level 6.0 Fighting
 * Level 7.8 Long Blades
 * Level 10.8 Dodging
 + Level 5.8 Shields


You had 9 spell levels left.
You didn't know any spells.
Your spell library contained the following spells:

 Spells                   Type           Power      Damage    Failure   Level
 Magic Dart               Conj           0%         1d3       67%         1
 Shock                    Conj/Air       0%         1d3       67%         1
 Call Imp                 Summ           0%         N/A       82%         2
 Lesser Beckoning         Tloc           0%         N/A       82%         2
 Scorch                   Fire           0%         2d5       82%         2
 Gell's Gravitas          Tloc           0%         N/A       96%         3
 Mephitic Cloud           Conj/Pois/Air  0%         N/A       96%         3
 Swiftness                Air            0%         N/A       96%         3
 Teleport Other           Tloc           0%         N/A       96%         3
 Airstrike                Air            0%         2d(0-16)  100%        4
 Flame Wave               Conj/Fire      0%         2d4       100%        4
 Olgreb's Toxic Radiance  Pois           0%         N/A       100%        4
 Summon Cactus Giant      Summ           0%         N/A       100%        6
 Ozocubu's Refrigeration  Ice            0%         4d7       100%        7
 Ignition                 Fire           0%         3d3       100%        8


Dungeon Overview and Level Annotations

Branches:
Dungeon (8/15)             Temple (0/1) D:5
   Lair: D:8-11

Altars:
Elyvilon
Fedhas
Gozag
Makhleb
Okawaru
Uskayaw
Yredelemnul

Annotations:
D:3 2 transporters


Innate Abilities, Weirdness & Mutations

You cannot wear most types of armour.
You are amphibious.
You can wear up to eight rings at the same time.
Your skin changes colour to match your surroundings (Stealth+).
Your rubbery body absorbs attacks. (AC +1, EV +1)
((You are camouflaged when in or above water. (Stealth+)))
You have tentacles for arms and can constrict up to eight enemies at once.
You are somewhat resistant to further mutation.


Message History

The howler monkey is almost dead.
You constrict the howler monkey.
You kill the howler monkey!
No target in view!
No target in view!
No target in view!
No target in view!
No target in view!
No target in view!
You now have 793 gold pieces (gained 6).
A komodo dragon is nearby!
A komodo dragon is nearby!
Found 11 gold pieces.
You strike the helpless komodo dragon from behind!
You puncture the komodo dragon!
The komodo dragon is poisoned.
You squeeze the komodo dragon.
The komodo dragon is moderately wounded.
The komodo dragon bites you!
You hit the komodo dragon but do no damage.
The komodo dragon looks as sick as possible!
The komodo dragon is moderately wounded.
The komodo dragon closely misses you. You block the komodo dragon's attack.
You barely miss the komodo dragon.
The komodo dragon is moderately wounded.
The komodo dragon bites you!
You hit the komodo dragon.
The komodo dragon looks as sick as possible!
The komodo dragon is moderately wounded.
You block the komodo dragon's attack.
You hit the komodo dragon but do no damage.
Your squeeze misses the komodo dragon.
The komodo dragon is moderately wounded.
The komodo dragon bites you!
You hit the komodo dragon but do no damage.
The komodo dragon looks as sick as possible!
The komodo dragon is heavily wounded.
The komodo dragon bites you!!
You die...
Your body crumbles into a pile of gold.

.P.P #.# #.# ###
..P.. #.# #.# ###.#
.PP..#####.####.#
)(..#
P...............#
##..#
...P.#......#####
##.## ...........#
...# .#....#.## ...#
#....#..## <..#
#..l@.#..### ...#
#...#......#### ...#
......#####......###
...# ......
##.#.....# .###
#...... #.......# .#
#...... ###.....# .#
#$..... ####### ##
####


You could see a komodo dragon (extremely poisoned).

Vanquished Creatures
  Pikel (D:5)
  Psyche (D:8)
  Prince Ribbit (D:5)
  A hornet (D:6)
  2 steam dragons (D:7)
  Duvessa (D:4)
  2 water moccasins (D:7)
  A black bear (D:5)
  An orc warrior (D:6)
  4 ice beasts
  2 sky beasts (D:7)
  An ogre (D:6)
  2 phantoms
  A kobold brigand (D:8)
  2 bullfrogs (D:7)
  A gnoll sergeant (D:8)
  2 scorpions
  4 wights (D:8)
  Dowan (D:4)
  5 killer bees (D:7)
  4 howler monkeys
  4 orc priests
  7 hounds
  2 iguanas (D:5)
  A sleepcap (D:5)
  Ijyb (D:5)
  3 orc wizards (D:6)
  5 gnolls (D:8)
  7 adders
  3 shadow imps
  A white imp (D:5)
  2 ufetubi
  3 worms (D:2)
  3 dart slugs
  12 orcs
  7 bats
  6 endoplasms
  5 goblins
  8 hobgoblins
  4 jackals (D:3)
  7 kobolds
  3 quokkas
  3 ball pythons
  7 frilled lizards
  A goblin zombie (D:4)
  6 rats
151 creatures vanquished.

Vanquished Creatures (others)
  An orc (D:4)
  A kobold (D:8)
  26 plants (D:8)
28 creatures vanquished.

Grand Total: 179 creatures vanquished

Notes
Turn   | Place    | Note
-------+----------+-------------------------------------------
     0 | D:1      | Think the Octopode Fighter began the quest for the Orb.
     0 | D:1      | Reached XP level 1. HP: 16/16 MP: 1/1
    21 | D:1      | Found a faded altar of an unknown god.
    36 | D:1      | Prayed at the altar of an unknown god.
    36 | D:1      | Became a worshipper of Gozag Ym Sagoz the Greedy
   113 | D:1      | Reached XP level 2. HP: 21/21 MP: 2/2
   411 | D:1      | Reached skill level 4 in Dodging
   469 | D:1      | Reached XP level 3. HP: 26/26 MP: 3/3
   845 | D:2      | Reached XP level 4. HP: 31/31 MP: 4/4
  1402 | D:2      | Reached skill level 5 in Dodging
  1705 | D:3      | Found a transporter.
  1833 | D:3      | Found a transporter.
  1953 | D:3      | Found a blossoming altar of Fedhas.
  2088 | D:2      | Reached XP level 5. HP: 33/36 MP: 5/5
  2749 | D:4      | Found a runed translucent door.
  2749 | D:4      | Noticed a human
  2755 | D:4      | Found a basalt altar of Yredelemnul.
  2989 | D:4      | Noticed Duvessa
  2989 | D:4      | Noticed Dowan
  2998 | D:4      | Killed Duvessa
  2999 | D:4      | Reached skill level 6 in Dodging
  2999 | D:4      | Reached XP level 6. HP: 38/42 MP: 6/6
  2999 | D:4      | Killed Dowan
  3002 | D:4      | Reached skill level 7 in Dodging
  3205 | D:5      | Entered Level 5 of the Dungeon
  3355 | D:5      | Reached XP level 7. HP: 30/46 MP: 7/7
  3431 | D:5      | Noticed Prince Ribbit
  3432 | D:5      | You fall into a shaft and drop 1 floor!
  3436 | D:6      | Noticed a hornet
  3446 | D:6      | Killed a hornet
  3447 | D:6      | Reached skill level 8 in Dodging
  3696 | D:6      | Reached XP level 8. HP: 51/53 MP: 8/8
  4043 | D:6      | Reached skill level 9 in Dodging
  4436 | D:6      | Identified the +3 whip "Efec" {heavy, +Blink}
  4642 | D:7      | Reached skill level 5 in Long Blades
  4668 | D:7      | Reached XP level 9. HP: 59/59 MP: 9/9
  4699 | D:7      | Noticed a +0 spear
  4699 | D:7      | Noticed a +0 short sword
  4699 | D:7      | Noticed a +0 short sword
  4700 | D:7      | Noticed a +0 dagger
  4701 | D:7      | Noticed a +0 falchion
  4702 | D:7      | Noticed a +0 dagger
  4703 | D:7      | Noticed a +0 spear
  4747 | D:7      | Noticed a +0 falchion
  4772 | D:7      | Found a hide-covered altar of Uskayaw.
  5409 | D:7      | Reached skill level 5 in Fighting
  5826 | D:8      | Reached skill level 5 in Shields
  5854 | D:8      | Reached skill level 10 in Dodging
  5962 | D:8      | Noticed Psyche
  6297 | D:8      | Gained mutation: You are somewhat resistant to further
                  | mutation. [potion of mutation]
  6419 | D:8      | Killed Psyche
  6790 | D:5      | Noticed Pikel
  6855 | D:5      | Found a white marble altar of Elyvilon.
  6860 | D:5      | Reached XP level 10. HP: 67/67 MP: 10/10
  6886 | D:5      | Paralysed by Pikel for 4 turns
  6901 | D:5      | Killed Pikel
  7045 | D:5      | Noticed Ijyb
  7050 | D:5      | Killed Ijyb
  7106 | D:5      | Killed Prince Ribbit
  7197 | D:5      | Found a staircase to the Ecumenical Temple.
  7231 | D:5      | Found an iron altar of Okawaru.
  7231 | D:5      | Found a burning altar of Makhleb.
  7671 | D:8      | Slain by a komodo dragon

Illustrated notes

Levels and vault maps discovered:
D:1:      shiori_arrival_oz, layout_rooms, basic_ecumenical_altar,
          minmay_tiny_reverse_x
D:2:      minmay_angry_zag, layout_basic
D:3:      gammafunk_steamed_eel, layout_rooms, fedhas_altar_1
D:4:      layout_cave_pods, dk_yredelemnul_ordeal, uniq_duvessa
D:5:      layout_basic, gammafunk_temple_overflow_elements,
          mainiacjoe_overflow_six_doors_small, minmay_temple_entry_glassed_door,
          uniq_prince_ribbit1, uniq_pikel, uniq_ijyb
D:6:      layout_loops_cross, serial_rivers, chequers_serial_rivers_marsh,
          chequers_serial_rivers_large_b, chequers_serial_rivers_large_a,
          chequers_serial_rivers_small_b, kennysheep_doodads
D:7:      layout_loops_ring, nicolae_uskayaw_en_pointe, enter_bailey_2
D:8:      layout_rooms, david_lair_shrubbed, uniq_psyche

Skill      XL: |  1  2  3  4  5  6  7  8  9 10 |
---------------+-------------------------------+-----
Dodging        | 4 5 6 7 8 9 10 | 10.8
Long Blades    | 3 5 7 |  7.8
Fighting       | 4 5 6 |  6.0
Shields        | 4 5 |  5.8

Action                     |  1- 3 |  4- 6 |  7- 9 | 10-12 || total
---------------------------+-------+-------+-------+-------++-------
  Melee: Long sword        |    68 |    46 |       |       ||   114
         Constrict         |    14 |    21 |    37 |    19 ||    91
         Tentacles         |    11 |    21 |    65 |    27 ||   124
         Punch             |     1 |     4 |     3 |     1 ||     9
         Dagger            |       |    45 |   247 |       ||   292
         Short sword       |       |       |     1 |    78 ||    79
  Throw: Boomerang         |       |       |     3 |       ||     3
 Invoke: Potion Petition   |       |       |     1 |       ||     1
    Use: Potion            |       |     1 |     6 |       ||     7
         Scroll            |       |       |     9 |       ||     9
   Stab: Sleeping          |    10 |     5 |     3 |     1 ||    19
         Distracted        |       |       |       |     1 ||     1
 Armour: Skin              |     2 |     8 |    45 |     4 ||    59
  Dodge: Dodged            |    31 |    45 |    91 |    32 ||   199
  Block: Buckler           |    13 |    10 |       |       ||    23
         Kite shield       |       |    11 |   153 |    56 ||   220
         Reflection        |       |       |     3 |     4 ||     7
         Other             |       |       |     2 |       ||     2

Table legend: (Time is in decaauts)
 A = Elapsed time spent in this place.
 B = Non-inter-level travel time spent in this place.
 C = Inter-level travel time spent in this place.
 D = Time resting spent in this place.
 E = Time spent auto-exploring this place.
 F = Levels seen in this place.
 G = Mean time per level.
                   A        B        C        D        E       F      G
               +--------+--------+--------+--------+--------+-----+--------+
         Total |   7697 |   6969 |    728 |    603 |   4942 |   8 |  962.1 |
       Dungeon |   7697 |   6969 |    728 |    603 |   4942 |   8 |  962.1 |
               +--------+--------+--------+--------+--------+-----+--------+

Top non-repeatable levels by time:
     D:7: 1248 daAuts
     D:6: 1197 daAuts
     D:2: 1152 daAuts
     D:8: 1042 daAuts
     D:4: 943 daAuts
     D:5: 815 daAuts
     D:1: 699 daAuts
     D:3: 596 daAuts
